Map: Sequencer LE

Players

Juxtapose

  • Race: Terran Terran
  • Spawn Location: 7:00

A.I. 1 (Elite) - Winner!

  • Race: Terran Terran
  • Spawn Location: 1:00

VOD

https://youtu.be/_LcPdTTJ1W0

Description

Sequencer is currently one of if not my worst map in the current pool, and I simply got rolled over here.

Honestly, I lacked the volume of Army to properly take on the AI, and I think a few Widow Mines would also have helped.

Next time, I'll need to focus a bit more on Marine production, as well as M.U.L.E. drops better.

Time

  • Played on: July 9, 2017, 7:15 p.m.
  • Length: 12:40
Show
View Real Time Build Order
Export as new Build Order

Juxtapose Terran 

Build Orders:  

Get SALT Encoding   

  12  0:01  SCV  
  13  0:13  SCV  
  14  0:20  Supply Depot  
  14  0:25  SCV  
  15  0:41  SCV  
  16  0:44  Barracks  
  16  0:53  SCV  
  17  1:02  Supply Depot  
  17  1:05  SCV  
  18  1:12  Refinery  
  18  1:17  SCV  
  19  1:30  SCV  
  20  1:33  Marine  
  21  1:43  Refinery  
  21  1:46  Orbital Command  
  21  1:51  Marine  
  22  2:01  Barracks  
  22  2:09  Engineering Bay  
  22  2:21  SCV  
  23  2:27  Marine  
  24  2:33  SCV  
  25  2:38  Command Center  
  25  2:45  Missile Turret  
  25  2:47  SCV  
  26  3:01  Barracks Reactor  
  26  3:06  Barracks Tech Lab  
  26  3:08  Factory  
  26  3:20  Supply Depot  
  26  3:22  SCV  
  27  3:27  Combat Shields  
  27  3:34  SCV  
  28  3:40  Marine x2  
  30  3:42  Supply Depot  
  30  3:52  Orbital Command  
  30  3:55  Factory Tech Lab  
  30  4:02  Starport  
  30  4:03  Marauder  
  30  4:09  Orbital Command  
  32  4:12  Terran Infantry Weapons Level 1  
  32  4:27  Missile Turret  
  34  4:31  Marine x2, Marauder  
  34  4:35  Siege Tank  
  39  4:48  SCV x2  
  39  4:49  Marine  
  42  4:54  Supply Depot  
  42  4:55  Starport Reactor  
  42  4:58  Marine  
  42  4:59  Marine  
  44  5:05  SCV x2  
  46  5:17  Marauder  
  48  5:21  Siege Tank  
  48  5:23  Marine x2  
  53  5:32  SCV x2  
  55  5:37  Medivac x2  
  55  5:40  Marine x2, Marauder  
  63  5:44  SCV x2  
  65  5:59  Supply Depot  
  65  6:01  Marine x3  
  68  6:06  Terran Infantry Armor Level 1  
  68  6:07  Medivac  
  70  6:14  Concussive Shells  
  70  6:21  Marine x3  
  70  6:25  Refinery  
  73  6:29  SCV x2, Refinery  
  75  6:36  Supply Depot  
  75  6:39  Marauder  
  77  6:41  SCV  
  78  6:49  Supply Depot  
  78  6:57  SCV x2  
  80  7:03  Siege Tank  
  83  7:09  SCV x2  
  83  7:14  Supply Depot  
  85  7:21  SCV  
  86  7:24  Marine x3  
  86  7:27  SCV  
  90  7:33  SCV  
  91  7:41  Marine  
  91  7:44  Siege Tank  
  94  8:03  Marine x2  
  68  8:20  Marine  
  68  8:21  Marine x2  
  68  8:24  Liberator x2  
  56  8:31  SCV  
  57  8:38  Marine x2  
  57  8:39  Marine  
  57  8:40  Command Center  
  60  8:43  SCV  
  67  8:50  Supply Depot  
  67  8:53  Armory  
  67  8:54  Siege Tank  
  70  8:56  Marine x3  
  73  9:05  Barracks  
  73  9:14  Marine x3  
  76  9:24  Medivac x2  
  76  9:27  Siege Tank  
  83  9:39  Marine x3  
  86  9:47  Terran Vehicle Weapons Level 1  
  86  9:54  Medivac x2  
  86  9:57  Marine  
  86  9:58  Marauder, Widow Mine  
  95  10:02  Refinery  
  95  10:03  Orbital Command  
  95  10:07  Liberator x2  
  95  10:19  Marine x3, Marauder  
  97  10:27  Widow Mine  
  78  10:37  Marine x3  
  78  10:40  Marauder  
  56  10:54  Marine  
  56  10:55  Marine  
  56  10:56  Marine, Siege Tank  
  51  11:02  Marauder  
  37  11:13  Marine  
  37  11:14  Marine  
  39  11:23  Marine  
  40  11:28  Siege Tank  
  40  11:30  Marine  
  40  11:31  Marine  
  43  11:34  Medivac x2  
  41  11:40  Marine  
  42  11:48  Marine  
  42  11:49  Marine  
  44  11:58  Marine  
  44  12:00  Siege Tank  
  40  12:04  Medivac x2  
  40  12:06  Marine  
  40  12:07  Marine  
  37  12:16  Marine  
Show
View Real Time Build Order
Export as new Build Order

A.I. 1 (Elite) Terran - Winner!

Build Orders: MMM Bio 

Get SALT Encoding   

  12  0:00  SCV  
  13  0:13  SCV  
  14  0:19  Supply Depot  
  14  0:25  SCV  
  15  0:40  SCV  
  15  0:42  Barracks  
  16  0:53  SCV  
  17  1:05  SCV  
  17  1:11  Refinery  
  18  1:13  Supply Depot  
  18  1:17  SCV  
  19  1:29  SCV  
  19  1:30  Marine  
  21  1:44  Command Center  
  21  2:07  Barracks  
  21  2:08  SCV  
  22  2:11  Marine  
  22  2:14  Factory  
  23  2:20  SCV  
  24  2:25  Supply Depot  
  24  2:32  Marine, SCV  
  26  2:44  SCV  
  26  2:50  Marine  
  28  2:56  SCV  
  28  2:58  Orbital Command, Factory Tech Lab  
  29  3:08  Refinery  
  29  3:14  Orbital Command  
  29  3:17  Marine  
  30  3:20  Marine  
  30  3:25  SCV  
  32  3:35  Marine  
  32  3:37  SCV, Marine  
  32  3:40  SCV  
  36  3:46  Barracks  
  36  3:49  SCV  
  36  3:52  SCV  
  36  3:53  Marine  
  39  3:56  Barracks Tech Lab  
  39  4:02  SCV  
  40  4:04  SCV, Supply Depot  
  41  4:11  Barracks Tech Lab  
  41  4:14  SCV, Marine  
  41  4:15  Stimpack  
  41  4:16  SCV  
  47  4:17  Siege Tank  
  47  4:26  SCV  
  47  4:28  SCV  
  47  4:29  Marine, Combat Shields  
  50  4:32  Marine  
  50  4:33  Marine  
  50  4:34  Supply Depot  
  50  4:38  SCV  
  53  4:40  SCV  
  53  4:42  Supply Depot  
  54  4:47  Marine  
  54  4:50  SCV, Marauder  
  54  4:52  SCV  
  59  4:59  Refinery  
  59  5:02  SCV  
  59  5:04  SCV  
  59  5:05  Marauder, Barracks Reactor, Engineering Bay  
  63  5:11  Marauder  
  65  5:14  SCV, Engineering Bay  
  65  5:18  Command Center  
  66  5:27  SCV, Marauder  
  69  5:28  SCV  
  69  5:33  Terran Infantry Weapons Level 1, Supply Depot  
  70  5:36  Marauder  
  70  5:39  SCV  
  70  5:40  Terran Infantry Armor Level 1, SCV  
  74  5:48  Marauder  
  74  5:49  Starport  
  75  5:52  SCV  
  75  5:53  SCV  
  77  5:57  Marauder  
  77  6:00  Supply Depot  
  77  6:01  Marine  
  77  6:02  Marine  
  77  6:04  SCV  
  82  6:05  SCV  
  82  6:08  Missile Turret  
  82  6:09  Marauder  
  82  6:10  Concussive Shells  
  82  6:11  Missile Turret  
  85  6:21  Marine, Barracks  
  85  6:22  Marauder  
  85  6:24  Supply Depot  
  85  6:25  Starport Reactor  
  88  6:26  Marine  
  88  6:29  SCV  
  88  6:31  SCV, Marauder  
  88  6:32  SCV  
  94  6:39  Marine  
  95  6:42  SCV  
  95  6:43  SCV, Marauder  
  95  6:44  SCV  
  100  6:51  Missile Turret  
  100  6:52  Marauder  
  100  6:54  SCV, Marine  
  103  6:55  Missile Turret  
  103  6:56  SCV, Supply Depot, Orbital Command  
  60  7:01  Viking, Medivac  
  105  7:06  SCV  
  105  7:07  Siege Tank  
  113  7:08  SCV  
  114  7:18  SCV, Refinery  
  114  7:20  SCV, Refinery  
  114  7:21  Supply Depot  
  114  7:22  SCV  
  117  7:26  Marauder  
  117  7:28  Marauder  
  121  7:30  SCV  
  121  7:31  Viking  
  121  7:33  Command Center  
  124  7:38  SCV  
  124  7:43  Medivac, Siege Tank, SCV x2  
  132  7:47  Supply Depot  
  132  7:50  SCV  
  133  7:52  Armory  
  133  8:00  Refinery  
  133  8:08  SCV  
  133  8:09  SCV  
  133  8:11  Supply Depot  
  133  8:12  Marine  
  131  8:14  Marine x3, Medivac  
  131  8:15  Siege Tank  
  131  8:16  Marine  
  107  8:27  Medivac, Missile Turret  
  107  8:30  Marine  
  107  8:32  Marine x2, Marauder  
  107  8:33  Marine  
  115  8:41  Terran Infantry Weapons Level 2  
  115  8:44  Viking  
  115  8:48  Marine  
  118  8:49  Marine  
  118  8:50  Marine  
  118  8:51  Marine  
  118  8:53  Marauder  
  123  9:00  Planetary Fortress  
  123  9:01  Refinery  
  123  9:03  Viking, Missile Turret  
  123  9:06  Marauder  
  123  9:07  Marine, Missile Turret  
  123  9:08  Marine  
  123  9:09  Marine  
  130  9:10  Missile Turret  
  130  9:14  Viking  
  130  9:15  Marauder  
  134  9:25  Marine  
  134  9:26  Marine  
  134  9:27  Marine, Marauder  
  139  9:32  Missile Turret  
  139  9:33  Viking  
  139  9:35  Marine, Supply Depot  
  142  9:44  Viking  
  144  9:46  Factory  
  144  9:49  Marauder  
  144  9:51  Starport  
  146  9:52  Missile Turret  
  146  9:54  Marauder  
  146  9:56  Command Center  
  146  9:58  Liberator  
  148  10:03  Viking  
  148  10:06  Supply Depot, Hi-Sec Auto Tracking  
  150  10:10  Marauder, Liberator  
  152  10:15  Marauder  
  145  10:21  Marine  
  145  10:22  Marine x2  
  144  10:30  Factory Tech Lab  
  144  10:31  Marauder  
  140  10:36  Marine  
  140  10:39  Marine, Armory  
  140  10:40  Marine  
  140  10:42  Marine  
  140  10:45  Barracks  
  140  10:46  Viking  
  142  10:50  Ghost Academy  
  142  10:53  Marauder  
  142  10:54  Marine  
  145  10:57  Building Armor, Marine  
  145  10:58  Marine, Medivac  
  145  11:01  Barracks Tech Lab  
  149  11:05  Refinery  
  149  11:06  Missile Turret  
  149  11:11  Starport Tech Lab  
  149  11:12  Marauder, Planetary Fortress  
  149  11:14  Marine  
  149  11:15  Marine  
  149  11:16  Marine, Medivac  
  156  11:18  Missile Turret  
  156  11:19  Marine  
  156  11:22  Missile Turret  
  154  11:28  Viking  
  154  11:29  Medivac  
  154  11:32  Marauder, High Capacity Fuel Tanks  
  151  11:33  Marine x2  
  151  11:34  Command Center  
  151  11:36  Marine  
  151  11:37  Marauder  
  151  11:38  Marine  
  147  11:48  Medivac  
  147  11:51  Marine, Marauder  
  147  11:53  Marauder  
  157  11:54  Marine, Siege Tank  
  157  11:57  Siege Tank  
  157  11:58  Ghost, Viking  
  167  12:08  Marine  
  167  12:10  Supply Depot  
  167  12:11  Marine  
  167  12:14  Marine  
  167  12:15  Marine, Marauder  
Tags
 
Composition
MMM Bio
Matchup
TvT
Race
Terran
Spawn Locations
Cross Positions
Add a new tag
Caveats
  • Supply blocks, unpowered buildings, or Contaminate may cause inaccurate times.
  • Supply counts are checked every 10 seconds.